[Event "44th Chess Olympiad Women 2022"]
[Site "Chennai"]
[Date "2022.07.30"]
[Round "2.41"]
[White "Badenhorst, Chloe"]
[Black "Msukwa, Tupokiwe"]
[Result "0-1"]
[ECO "B24"]
[WhiteElo "1703"]
[BlackElo "1369"]
[Annotator "NA RC COMBH"]
[PlyCount "128"]
[EventDate "2022.07.29"]
[EventType "team-tourn"]
[EventCountry "IND"]
[SourceTitle "playchess.com"]
[Source "ChessBase"]
[SourceQuality "1"]
[WhiteTeam "South Africa"]
[BlackTeam "MAW"]
[WhiteTeamCountry "RSA"]
[TimeControl "40/5400+30:1800+30"]

1. e4 c5 2. Nc3 d6 3. g3 Nf6 4. Bg2 Nc6 5. d3 Bg4 6. Nge2 e5 7. h3 Be6 8. O-O Qd7 9. Kh2 Be7 10. f4 g6 11. Nd5 h5 12. fxe5 Nh7 13. Nxe7 Qxe7 14. exd6 Qxd6 15. Bf4 Qd7 16. Nc3 O-O 17. Nd5 Rac8 18. Bh6 Rfd8 19. Nf4 Ne5 20. Qd2 f6 21. Nxe6 Qxe6 22. Bf4 Nf8 23. Bxe5 Qxe5 24. Qa5 Ne6 25. Qxa7 h4 26. Qxb7 Qxg3+ 27. Kh1 Nf4 28. Rxf4 Qxf4 29. Qb3+ Kg7 30. Re1 Qg3 31. Qc3 Qe5 32. Qxe5 fxe5 33. b3 Rf8 34. Kg1 Ra8 35. a4 Rf6 36. Re2 Kf7 37. Rf2 Ke6 38. Rxf6+ Kxf6 39. Kf2 Rb8 40. Ke3 Rb6 41. Bf3 Rb8 42. Bg4 Rd8 43. Kd2 Ke7 44. Kc3 Kd6 45. Kc4 Rf8 46. c3 Rb8 47. b4 cxb4 48. cxb4 g5 49. b5 Ra8 50. Kb4 Kc7 51. a5 Rd8 52. Be2 Rd4+ 53. Kc5 Ra4 54. a6 Ra2 55. b6+ Kb8 56. a7+ Kb7 57. Bd1 Ra3 58. Kb4 Rxd3 59. Bb3 Rxb3+ 60. Kxb3 g4 61. hxg4 h3 62. g5 h2 63. g6 h1=Q 64. g7 Qh7 0-1

[Event "44th Chess Olympiad Women 2022"]
[Site "Chennai"]
[Date "2022.07.30"]
[Round "2.41"]
[White "Kapalamula Martha"]
[Black "Bouah, Denise"]
[Result "0-1"]
[ECO "B51"]
[WhiteElo "1237"]
[BlackElo "1736"]
[Annotator "NA RC COMBH"]
[PlyCount "110"]
[EventDate "2022.07.29"]
[EventType "team-tourn"]
[EventCountry "IND"]
[SourceTitle "playchess.com"]
[Source "ChessBase"]
[SourceQuality "1"]
[WhiteTeam "MAW"]
[BlackTeam "South Africa"]
[BlackTeamCountry "RSA"]
[TimeControl "40/5400+30:1800+30"]

1. e4 c5 2. Nf3 d6 3. Nc3 Nc6 4. Bb5 Bd7 5. Bxc6 Bxc6 6. d3 Nf6 7. O-O e6 8. Re1 e5 9. h3 Be7 10. Ne2 b5 11. b3 b4 12. Ng3 g6 13. Bh6 Bf8 14. Bxf8 Kxf8 15. Qd2 Kg7 16. Qg5 Bd7 17. Nh4 Kf8 18. Qh6+ Ke7 19. Qe3 Ne8 20. f4 Kf8 21. fxe5 Qxh4 22. Rf1 Qe7 23. Rf3 dxe5 24. Raf1 f6 25. Qh6+ Qg7 26. Qg5 Ke7 27. Qe3 Rc8 28. a3 a5 29. axb4 axb4 30. Ra1 Nd6 31. Raf1 Rhf8 32. Qd2 Nb5 33. Ne2 Qg8 34. g4 Rc6 35. Qh6 Nd4 36. Nxd4 cxd4 37. Qd2 Rb6 38. Ra1 Ra8 39. Raf1 Ra2 40. g5 f5 41. exf5 Bxf5 42. Qh2 Qd5 43. R3f2 Qc5 44. Re2 Re6 45. Qg2 Kd6 46. Rfe1 Re7 47. Qh2 Ra8 48. Qg2 Rae8 49. Ra1 e4 50. Qg3+ Kc6 51. Ra6+ Kb7 52. Rf6 exd3 53. Rxe7+ Rxe7 54. Rf8 Qc7 55. Qg2+ Be4 0-1

[Event "44th Chess Olympiad Women 2022"]
[Site "Chennai"]
[Date "2022.07.30"]
[Round "2.42"]
[White "A-ALI, Sali Abbas Abdulzahr"]
[Black "Sara, Gadalla Karar"]
[Result "1-0"]
[ECO "B38"]
[WhiteElo "1864"]
[BlackElo "1433"]
[Annotator "NA RC COMBH"]
[PlyCount "63"]
[EventDate "2022.07.29"]
[EventType "team-tourn"]
[EventCountry "IND"]
[SourceTitle "playchess.com"]
[Source "ChessBase"]
[SourceQuality "1"]
[WhiteTeam "Iraq"]
[BlackTeam "Sudan"]
[WhiteTeamCountry "IRQ"]
[BlackTeamCountry "SUD"]
[TimeControl "40/5400+30:1800+30"]

1. e4 c5 2. Nf3 Nc6 3. d4 cxd4 4. Nxd4 g6 5. c4 Bg7 6. Be3 Qb6 7. Nb3 Qc7 8. Nc3 Bxc3+ 9. bxc3 Nf6 10. f3 O-O 11. Be2 d6 12. Nd4 Ne5 13. Qb3 b6 14. h3 Bb7 15. Nb5 Qc6 16. Bd4 Nfd7 17. f4 Qxe4 18. fxe5 Qxg2 19. Rg1 Qh2 20. exd6 exd6 21. Nc7 Rac8 22. Nd5 Rfe8 23. Bf2 Qe5 24. Ne3 Nc5 25. Qc2 Ne4 26. Ng4 Qxc3+ 27. Qxc3 Nxc3 28. Nf6+ Kg7 29. Nxe8+ Rxe8 30. Bd4+ f6 31. Bxc3 Bf3 32. Kf2 1-0

[Event "44th Chess Olympiad Women 2022"]
[Site "Chennai"]
[Date "2022.07.30"]
[Round "2.42"]
[White "Al-Fayyadh, Yamama Asif Abdula"]
[Black "Rayan Sedee Mohamed"]
[Result "1-0"]
[ECO "B34"]
[WhiteElo "1666"]
[BlackElo "1168"]
[Annotator "NA COMBH"]
[PlyCount "61"]
[EventDate "2022.07.29"]
[EventType "team-tourn"]
[EventCountry "IND"]
[SourceTitle "playchess.com"]
[Source "ChessBase"]
[SourceQuality "1"]
[WhiteTeam "Iraq"]
[BlackTeam "Sudan"]
[WhiteTeamCountry "IRQ"]
[BlackTeamCountry "SUD"]
[TimeControl "40/5400+30:1800+30"]

1. e4 c5 2. Nf3 Nc6 3. d4 cxd4 4. Nxd4 Nf6 5. Nc3 g6 6. Be3 Bg7 7. Be2 d6 8. O-O O-O 9. f3 d5 10. Nxc6 bxc6 11. e5 Nd7 12. f4 e6 13. Rf3 f6 14. exf6 Qxf6 15. Bf2 Bb7 16. g3 a6 17. Na4 d4 18. Rb3 Rab8 19. c3 c5 20. Bf3 Bxf3 21. Qxf3 Ne5 22. Qe2 Nd7 23. Qxa6 Ra8 24. Qb5 Rfd8 25. Nxc5 Rab8 26. Nxd7 Rxb5 27. Nxf6+ Bxf6 28. Rxb5 d3 29. Rd1 e5 30. fxe5 Bxe5 31. Rxe5 1-0

[Event "44th Chess Olympiad Women 2022"]
[Site "Chennai"]
[Date "2022.07.30"]
[Round "2.42"]
[White "Ibtihal Mohammed"]
[Black "Al-Fayyadh, Zainab Asif Abdulah"]
[Result "0-1"]
[ECO "C44"]
[WhiteElo "1445"]
[BlackElo "1749"]
[Annotator "NA RC COMBH"]
[PlyCount "62"]
[EventDate "2022.07.29"]
[EventType "team-tourn"]
[EventCountry "IND"]
[SourceTitle "playchess.com"]
[Source "ChessBase"]
[SourceQuality "1"]
[WhiteTeam "Sudan"]
[BlackTeam "Iraq"]
[WhiteTeamCountry "SUD"]
[BlackTeamCountry "IRQ"]
[TimeControl "40/5400+30:1800+30"]

1. e4 e5 2. Nf3 Nc6 3. d3 Bc5 4. g3 Nf6 5. Bg2 d6 6. O-O Be6 7. Qe2 Qd7 8. Be3 Bb6 9. Ng5 Nd4 10. Qd2 O-O 11. Nxe6 fxe6 12. c3 Nc6 13. Bxb6 axb6 14. Na3 Qf7 15. Nc2 Qg6 16. f3 Rf7 17. Rf2 h5 18. Kf1 Raf8 19. Ne3 Ng4 20. Nxg4 hxg4 21. f4 exf4 22. gxf4 Qh6 23. Kg1 Rxf4 24. Raf1 Rxf2 25. Rxf2 Rxf2 26. Qxf2 Qc1+ 27. Bf1 Ne5 28. Qe2 Nf3+ 29. Kg2 Qf4 30. Kh1 Nxh2 31. Bg2 g3 0-1

[Event "44th Chess Olympiad Women 2022"]
[Site "Chennai"]
[Date "2022.07.30"]
[Round "2.42"]
[White "Marwa, Jadalla"]
[Black "Tiba, Mahdi Attiyah"]
[Result "0-1"]
[ECO "D02"]
[WhiteElo "1316"]
[BlackElo "1759"]
[Annotator "NA COMBH"]
[PlyCount "62"]
[EventDate "2022.07.29"]
[EventType "team-tourn"]
[EventCountry "IND"]
[SourceTitle "playchess.com"]
[Source "ChessBase"]
[SourceQuality "1"]
[WhiteTeam "Sudan"]
[BlackTeam "Iraq"]
[WhiteTeamCountry "SUD"]
[BlackTeamCountry "IRQ"]
[TimeControl "40/5400+30:1800+30"]

1. d4 d5 2. Bf4 Nf6 3. e3 c6 4. Nd2 Bf5 5. c3 e6 6. Be2 Nbd7 7. Ngf3 h6 8. Ne5 Nxe5 9. Bxe5 Bd6 10. Bg3 Ne4 11. Nxe4 Bxe4 12. Bf3 Bg6 13. Be2 Qc7 14. Bd3 Bxd3 15. Qxd3 O-O 16. Bxd6 Qxd6 17. h4 e5 18. Kd2 e4 19. Qe2 f5 20. f4 exf3 21. gxf3 Rae8 22. Rae1 c5 23. Qg2 cxd4 24. f4 dxe3+ 25. Rxe3 Rxe3 26. Kxe3 Re8+ 27. Kf3 Re4 28. Qg3 Qc5 29. Qg1 Qc4 30. Qf2 Rxf4+ 31. Kg2 Rxf2+ 0-1

[Event "44th Chess Olympiad Women 2022"]
[Site "Chennai"]
[Date "2022.07.30"]
[Round "2.43"]
[White "Mahmoud, Roula"]
[Black "Beukes Jamie-Nicole"]
[Result "1-0"]
[ECO "B44"]
[WhiteElo "1765"]
[BlackElo "1231"]
[Annotator "NA RC COMBH"]
[PlyCount "106"]
[EventDate "2022.07.29"]
[EventType "team-tourn"]
[EventCountry "IND"]
[SourceTitle "playchess.com"]
[Source "ChessBase"]
[SourceQuality "1"]
[WhiteTeam "Syria"]
[BlackTeam "Namibia"]
[WhiteTeamCountry "SYR"]
[BlackTeamCountry "NAM"]
[TimeControl "40/5400+30:1800+30"]

1. e4 c5 2. Nf3 e6 3. d4 cxd4 4. Nxd4 Nc6 5. c3 Qc7 6. Be3 a6 7. Nd2 Nf6 8. f4 d6 9. Be2 Be7 10. O-O O-O 11. Bf3 Re8 12. a4 Bd7 13. g4 Bc8 14. Qe2 d5 15. e5 Nd7 16. Kh1 Nf8 17. Bg2 f6 18. exf6 Bxf6 19. f5 Qd6 20. fxe6 Nxd4 21. Bxd4 Bxd4 22. cxd4 Rxe6 23. Qf3 Rf6 24. Qxd5+ Qxd5 25. Bxd5+ Kh8 26. g5 Rxf1+ 27. Rxf1 Bh3 28. Rf3 Rd8 29. Bxb7 Bg4 30. Rf4 Bd1 31. d5 Ng6 32. Re4 Bc2 33. Re6 a5 34. Ra6 Bxa4 35. Rxa5 Bc2 36. d6 Nf8 37. Rc5 Ba4 38. Ne4 Re8 39. Kg1 Bd7 40. Rc7 Bf5 41. Nc5 Bh3 42. d7 Rd8 43. Rc8 Rxc8 44. dxc8=Q Bxc8 45. Bxc8 Ng6 46. b4 Ne7 47. Bb7 Kg8 48. b5 Kf7 49. Be4 Nc8 50. Kf2 Nd6 51. b6 Nxe4+ 52. Nxe4 Ke6 53. b7 Kd5 1-0

[Event "44th Chess Olympiad Women 2022"]
[Site "Chennai"]
[Date "2022.07.30"]
[Round "2.43"]
[White "Mentile, Lishen"]
[Black "Khalil, Manar"]
[Result "0-1"]
[ECO "B43"]
[WhiteElo "1486"]
[BlackElo "1831"]
[Annotator "NA RC COMBH"]
[PlyCount "128"]
[EventDate "2022.07.29"]
[EventType "team-tourn"]
[EventCountry "IND"]
[SourceTitle "playchess.com"]
[Source "ChessBase"]
[SourceQuality "1"]
[WhiteTeam "Namibia"]
[BlackTeam "Syria"]
[WhiteTeamCountry "NAM"]
[BlackTeamCountry "SYR"]
[TimeControl "40/5400+30:1800+30"]

1. e4 c5 2. Nf3 e6 3. d4 cxd4 4. Nxd4 a6 5. Nc3 Qc7 6. Be2 Nf6 7. a3 Be7 8. O-O d6 9. Bg5 Nbd7 10. Qd2 b5 11. Rad1 O-O 12. f4 Bb7 13. Bf3 Rfd8 14. Nde2 Nb6 15. Ng3 Nc4 16. Qc1 Qc5+ 17. Rf2 Ne3 18. Re1 Neg4 19. Bxg4 Nxg4 20. Bxe7 Qxf2+ 21. Kh1 Rd7 22. Bh4 Qc5 23. Nd1 Rc8 24. c3 d5 25. h3 Nf2+ 26. Nxf2 Qxf2 27. Nf5 Qc5 28. Nd4 dxe4 29. Bf2 Qh5 30. Qe3 a5 31. Kh2 h6 32. Qg3 Rcd8 33. Be3 b4 34. axb4 axb4 35. Nb3 Rd5 36. Bd4 Qg6 37. Qxg6 fxg6 38. Rxe4 bxc3 39. Bxc3 Rb5 40. Rb4 Rxb4 41. Bxb4 Bxg2 42. Kxg2 Rb8 43. Bc3 Rxb3 44. h4 Kf7 45. Kf3 g5 46. hxg5 hxg5 47. fxg5 Kg6 48. Kf4 Rb5 49. Be5 Rb4+ 50. Kf3 Kxg5 51. Bxg7 Kf5 52. Bc3 Rb7 53. Ke3 e5 54. Kf3 e4+ 55. Ke3 Rb3 56. Ke2 Kf4 57. Kf2 e3+ 58. Ke2 Ke4 59. Bg7 Rb6 60. Bh8 Rh6 61. Bc3 Rh2+ 62. Kf1 Kf3 63. Kg1 Rc2 64. Kh1 e2 0-1

[Event "44th Chess Olympiad Women 2022"]
[Site "Chennai"]
[Date "2022.07.30"]
[Round "2.43"]
[White "Van Wyk, Keisha C"]
[Black "Ahmad Murad, Fatema Alzahraa."]
[Result "0-1"]
[ECO "C17"]
[WhiteElo "1237"]
[BlackElo "1791"]
[Annotator "NA COMBH"]
[PlyCount "110"]
[EventDate "2022.07.29"]
[EventType "team-tourn"]
[EventCountry "IND"]
[SourceTitle "playchess.com"]
[Source "ChessBase"]
[SourceQuality "1"]
[WhiteTeam "Namibia"]
[BlackTeam "Syria"]
[WhiteTeamCountry "NAM"]
[BlackTeamCountry "SYR"]
[TimeControl "40/5400+30:1800+30"]

1. e4 e6 2. d4 d5 3. Nc3 Bb4 4. e5 c5 5. Nge2 Nc6 6. Be3 Nge7 7. Qd2 Nf5 8. O-O-O Qa5 9. dxc5 Bxc3 10. Qxc3 Qxc3 11. bxc3 Nxe3 12. fxe3 Nxe5 13. Nd4 Bd7 14. Be2 Rc8 15. Kb2 Rxc5 16. Nb3 Rc7 17. Rd4 Ke7 18. Nd2 Rhc8 19. Nb1 Rc5 20. Rhd1 Bb5 21. Bf3 Kf8 22. R1d2 Nc4+ 23. Rxc4 Bxc4 24. Rf2 R8c6 25. Nd2 Ba6 26. c4 Bxc4 27. Nxc4 Rxc4 28. Rd2 Rb6+ 29. Ka3 Rc3+ 30. Ka4 Rb2 31. Be2 Rxa2+ 32. Kb4 Rxe3 33. Bd3 Rxd3 34. Rxd3 Rxc2 35. Rg3 e5 36. Rg5 f6 37. Rg3 d4 38. Kb3 Rc3+ 39. Rxc3 dxc3 40. Kxc3 e4 41. Kd4 f5 42. Kc4 e3 43. Kd3 f4 44. Kc3 a5 45. Kd3 a4 46. h3 a3 47. Kc2 a2 48. Kb2 e2 49. Kxa2 e1=Q 50. Kb3 Ke7 51. Kc4 Kd6 52. Kb5 Qc3 53. Kb6 Qb4+ 54. Ka7 Kc7 55. g4 Qa5# 0-1

[Event "44th Chess Olympiad Women 2022"]
[Site "Chennai"]
[Date "2022.07.30"]
[Round "2.44"]
[White "Jose de Ribbegren, Kenia"]
[Black "Cho, Hung-Ling"]
[Result "1-0"]
[ECO "A40"]
[WhiteElo "1787"]
[BlackElo "1576"]
[Annotator "NA RC COMBH"]
[PlyCount "131"]
[EventDate "2022.07.29"]
[EventType "team-tourn"]
[EventCountry "IND"]
[SourceTitle "playchess.com"]
[Source "ChessBase"]
[SourceQuality "1"]
[WhiteTeam "Monaco"]
[BlackTeam "Taiwan"]
[WhiteTeamCountry "MNC"]
[BlackTeamCountry "TPE"]
[TimeControl "40/5400+30:1800+30"]

1. d4 e6 2. Bf4 c5 3. e3 Qb6 4. Nc3 Nf6 5. Na4 Qa5+ 6. c3 Nd5 7. Nxc5 Bxc5 8. dxc5 Qxc5 9. Bg3 Qb6 10. Qc2 Nc6 11. Nf3 Nf6 12. Bd3 d5 13. O-O h6 14. h3 O-O 15. Rad1 a5 16. Rfe1 Ne7 17. Nd4 Re8 18. Nb5 Rf8 19. Bd6 Re8 20. Be5 Rf8 21. Qe2 Nd7 22. Bd4 Qc6 23. Qh5 Nf5 24. Rc1 g6 25. Qg4 e5 26. Ba7 Nc5 27. Bxc5 Qxc5 28. Qd1 Bd7 29. Na3 e4 30. Be2 b5 31. Nc2 Rac8 32. Nd4 Rfd8 33. Nb3 Qb6 34. Qxd5 Be8 35. Qxe4 Kg7 36. Bg4 Bc6 37. Qe5+ f6 38. Qf4 Bd7 39. Bxf5 Bxf5 40. Nd4 Bd7 41. Red1 Be8 42. Qe4 Bf7 43. a3 Re8 44. Qg4 Rc5 45. h4 Qb7 46. Ne2 Be6 47. Qg3 Bf5 48. Rd4 Rce5 49. Rcd1 Re4 50. Rxe4 Rxe4 51. Rd4 Re7 52. Qd6 h5 53. Nf4 Rd7 54. Qc5 Rc7 55. Qd6 Rd7 56. Ne6+ Bxe6 57. Qxe6 Re7 58. Qd6 a4 59. Rf4 Rf7 60. e4 Qc8 61. e5 f5 62. Rd4 Qe8 63. Rd5 Kh6 64. Qd8 Qe6 65. Qg5+ Kh7 66. Rd6 1-0

[Event "44th Chess Olympiad Women 2022"]
[Site "Chennai"]
[Date "2022.07.30"]
[Round "2.44"]
[White "Berezovsky, Fiorina"]
[Black "Shih, Ching-An"]
[Result "1-0"]
[ECO "D45"]
[WhiteElo "1544"]
[BlackElo "1582"]
[Annotator "NA RC COMBH"]
[PlyCount "79"]
[EventDate "2022.07.29"]
[EventType "team-tourn"]
[EventCountry "IND"]
[SourceTitle "playchess.com"]
[Source "ChessBase"]
[SourceQuality "1"]
[WhiteTeam "Monaco"]
[BlackTeam "Taiwan"]
[WhiteTeamCountry "MNC"]
[BlackTeamCountry "TPE"]
[TimeControl "40/5400+30:1800+30"]

1. d4 d5 2. c4 c6 3. Nc3 Nf6 4. Nf3 e6 5. e3 Nbd7 6. Qc2 Be7 7. Bd3 dxc4 8. Bxc4 b5 9. Be2 Bb7 10. O-O O-O 11. Rd1 Qb6 12. e4 a6 13. Bg5 Rfe8 14. a4 Rac8 15. e5 Nd5 16. a5 Qd8 17. Ne4 f6 18. exf6 N7xf6 19. Bxf6 Nxf6 20. Nfg5 Nxe4 21. Nxe4 Qd5 22. Nc5 Bxc5 23. dxc5 Qg5 24. Rd7 Re7 25. Rad1 Rce8 26. Bf3 Rxd7 27. Rxd7 Re7 28. Rd8+ Kf7 29. Qxh7 Rc7 30. Qg8+ Kf6 31. Rd6 Qc1+ 32. Bd1 Qc4 33. g3 Rc8 34. Rd8 Rxd8 35. Qxd8+ Kg6 36. Qe8+ Kf6 37. Bh5 Qxc5 38. Qf7+ Ke5 39. Qf4+ Kd5 40. Bf3# 1-0

[Event "44th Chess Olympiad Women 2022"]
[Site "Chennai"]
[Date "2022.07.30"]
[Round "2.44"]
[White "Tsai, Sophie Yi-Hsuan"]
[Black "Dubois, Martine"]
[Result "1/2-1/2"]
[ECO "C40"]
[WhiteElo "1131"]
[BlackElo "1782"]
[Annotator "NA RC COMBH"]
[PlyCount "100"]
[EventDate "2022.07.29"]
[EventType "team-tourn"]
[EventCountry "IND"]
[SourceTitle "playchess.com"]
[Source "ChessBase"]
[SourceQuality "1"]
[WhiteTeam "Taiwan"]
[BlackTeam "Monaco"]
[WhiteTeamCountry "TPE"]
[BlackTeamCountry "MNC"]
[TimeControl "40/5400+30:1800+30"]

1. e4 e5 2. Nf3 d5 3. exd5 e4 4. Qe2 Nf6 5. Nc3 Be7 6. Nxe4 O-O 7. Nxf6+ Bxf6 8. d4 Qxd5 9. Be3 c5 10. Qc4 Be6 11. Qxd5 Bxd5 12. O-O-O c4 13. h4 b5 14. Be2 a5 15. g4 Be7 16. Rhg1 b4 17. Ne5 Rc8 18. Bf3 Bxf3 19. Nxf3 a4 20. Kd2 Nd7 21. Ke2 Bd6 22. h5 Nf6 23. d5 a3 24. b3 cxb3 25. cxb3 Rc2+ 26. Rd2 Rxd2+ 27. Bxd2 Nxd5 28. Rd1 Nf6 29. h6 Re8+ 30. Kf1 Nxg4 31. hxg7 Bc5 32. Be1 h5 33. Rd5 Be7 34. Rxh5 Kxg7 35. Rb5 Rc8 36. Bxb4 Bf6 37. Bxa3 Rc2 38. Rb4 Nxf2 39. Rc4 Rxa2 40. Bc5 Nd3 41. Bd4 Bxd4 42. Nxd4 Rf2+ 43. Kg1 Rb2 44. Kf1 Kf6 45. Rc3 Nb4 46. Rc5 Nd3 47. Rc3 Ne5 48. Rc2 Rb1+ 49. Ke2 Kg5 50. Kd2 Kf4 1/2-1/2

[Event "44th Chess Olympiad Women 2022"]
[Site "Chennai"]
[Date "2022.07.30"]
[Round "2.45"]
[White "Rouda Essa, Alserkal"]
[Black "Bouzana, Christina"]
[Result "1-0"]
[ECO "B18"]
[WhiteElo "1874"]
[BlackElo "1079"]
[Annotator "NA RC COMBH"]
[PlyCount "71"]
[EventDate "2022.07.29"]
[EventType "team-tourn"]
[EventCountry "IND"]
[SourceTitle "playchess.com"]
[Source "ChessBase"]
[SourceQuality "1"]
[WhiteTeam "United Arab Emirates"]
[BlackTeam "Cyprus"]
[WhiteTeamCountry "UAE"]
[BlackTeamCountry "CYP"]
[TimeControl "40/5400+30:1800+30"]

1. e4 c6 2. d4 d5 3. Nd2 dxe4 4. Nxe4 Bf5 5. Ng3 Bg6 6. h4 h6 7. Nh3 e6 8. Nf4 Bh7 9. c3 Nf6 10. Ngh5 Nbd7 11. Bd3 Bxd3 12. Qxd3 e5 13. dxe5 Nxe5 14. Qe2 Qe7 15. Nxf6+ Qxf6 16. Nd3 Qe6 17. Qxe5 Qxe5+ 18. Nxe5 Bd6 19. Nf3 O-O-O 20. Be3 Rhe8 21. O-O-O h5 22. Rhe1 a6 23. Nd4 g6 24. Bg5 Rxe1 25. Rxe1 Rg8 26. Nf3 Bc5 27. Re2 Rf8 28. Bf6 Bd6 29. Ng5 Kd7 30. Ne4 Re8 31. f3 Kc7 32. Kd1 Re6 33. Rd2 Bf4 34. Rd3 Bd6 35. Nxd6 Rxd6 36. Be5 1-0

[Event "44th Chess Olympiad Women 2022"]
[Site "Chennai"]
[Date "2022.07.30"]
[Round "2.45"]
[White "Al Mansouri, Moza"]
[Black "Markidou, Christianna"]
[Result "1-0"]
[ECO "C91"]
[WhiteElo "1606"]
[BlackElo "1701"]
[Annotator "NA RC COMBH"]
[PlyCount "105"]
[EventDate "2022.07.29"]
[EventType "team-tourn"]
[EventCountry "IND"]
[SourceTitle "playchess.com"]
[Source "ChessBase"]
[SourceQuality "1"]
[WhiteTeam "United Arab Emirates"]
[BlackTeam "Cyprus"]
[WhiteTeamCountry "UAE"]
[BlackTeamCountry "CYP"]
[TimeControl "40/5400+30:1800+30"]

1. e4 e5 2. Nf3 Nc6 3. Bb5 d6 4. O-O Nf6 5. Re1 a6 6. Ba4 b5 7. Bb3 Be7 8. c3 O-O 9. d4 Bg4 10. d5 Na5 11. Bc2 Nd7 12. Nbd2 f5 13. h3 Bxf3 14. Nxf3 f4 15. a4 Nb7 16. axb5 axb5 17. Rxa8 Qxa8 18. Bd3 Qa4 19. Qe2 Qb3 20. Bxb5 Nb6 21. Nd2 Qa2 22. Qg4 Bd8 23. Nf3 Nc5 24. Nh4 Bxh4 25. Qxh4 Nb3 26. Bxf4 exf4 27. Qe7 Qa7 28. e5 Nc8 29. Qe6+ Kh8 30. exd6 Nxd6 31. Qe7 Qb8 32. Bc6 Na5 33. Ba4 Nac4 34. b3 Nb6 35. Bc6 Rf7 36. Qh4 Qf8 37. c4 Nbc8 38. c5 Nf5 39. Qg4 Nd4 40. Re8 Nxc6 41. Rxf8+ Rxf8 42. dxc6 Na7 43. Qd7 Nb5 44. Qd3 Rb8 45. Qc4 g5 46. Qf7 Rg8 47. h4 h6 48. hxg5 Rxg5 49. Qc4 Na3 50. Qxf4 Nb1 51. Qxc7 Nc3 52. Qd8+ Kh7 53. Qd3+ 1-0

[Event "44th Chess Olympiad Women 2022"]
[Site "Chennai"]
[Date "2022.07.30"]
[Round "2.45"]
[White "Ioannides Liu, Alice"]
[Black "Al Maamari, Wafia Darwish"]
[Result "0-1"]
[ECO "B22"]
[WhiteElo "1292"]
[BlackElo "1841"]
[Annotator "NA RC COMBH"]
[PlyCount "112"]
[EventDate "2022.07.29"]
[EventType "team-tourn"]
[EventCountry "IND"]
[SourceTitle "playchess.com"]
[Source "ChessBase"]
[SourceQuality "1"]
[WhiteTeam "Cyprus"]
[BlackTeam "United Arab Emirates"]
[WhiteTeamCountry "CYP"]
[BlackTeamCountry "UAE"]
[TimeControl "40/5400+30:1800+30"]

1. e4 c5 2. c3 Nf6 3. e5 Nd5 4. Bc4 Nb6 5. Bb3 c4 6. Bc2 Nc6 7. Nf3 g6 8. O-O Bg7 9. Re1 O-O 10. Na3 d5 11. exd6 exd6 12. d3 Bg4 13. h3 Bxf3 14. Qxf3 Ne5 15. Qd1 Qh4 16. d4 Ned7 17. Qf3 d5 18. Bf4 a6 19. Re2 f5 20. Bd6 Rf7 21. Rae1 Nf6 22. Bg3 Qh6 23. Re7 Rxe7 24. Rxe7 Qc1+ 25. Qd1 Qxb2 26. Rxb7 Qxa3 27. Rxb6 Qxc3 28. f3 Nd7 29. Rd6 Qxd4+ 30. Qxd4 Bxd4+ 31. Bf2 Bxf2+ 32. Kxf2 Rb8 33. Rxd5 Rb2 34. Rd2 Rxa2 35. Ke3 Ra3+ 36. Kd4 c3 37. Rd3 Nb6 38. Rxc3 Rxc3 39. Kxc3 Nd5+ 40. Kd2 Nf4 41. g4 Nxh3 42. gxf5 g5 43. f6 Kf7 44. Bxh7 Kxf6 45. Kc3 Ke5 46. Kb4 Kf4 47. Bg8 Ke5 48. Bh7 Ng1 49. Bd3 Nxf3 50. Be2 g4 51. Bf1 g3 52. Bg2 Kf4 53. Ka5 Ke3 54. Bh1 Kf2 55. Kxa6 Ne1 56. Bb7 Nf3 0-1

[Event "44th Chess Olympiad Women 2022"]
[Site "Chennai"]
[Date "2022.07.30"]
[Round "2.45"]
[White "Sokolova, Victoria"]
[Black "Mariam, Essa"]
[Result "0-1"]
[ECO "A31"]
[WhiteElo "1193"]
[BlackElo "1591"]
[Annotator "NA RC COMBH"]
[PlyCount "120"]
[EventDate "2022.07.29"]
[EventType "team-tourn"]
[EventCountry "IND"]
[SourceTitle "playchess.com"]
[Source "ChessBase"]
[SourceQuality "1"]
[WhiteTeam "Cyprus"]
[BlackTeam "United Arab Emirates"]
[WhiteTeamCountry "CYP"]
[BlackTeamCountry "UAE"]
[TimeControl "40/5400+30:1800+30"]

1. c4 c5 2. Nf3 g6 3. Nc3 Bg7 4. d4 Nf6 5. Bf4 cxd4 6. Nxd4 d6 7. Bd2 O-O 8. e4 Qb6 9. Nb3 Ng4 10. Qe2 Nc6 11. Nd5 Qd8 12. h3 Nge5 13. f4 e6 14. Nc3 Nd7 15. Qf2 Nc5 16. Nxc5 dxc5 17. Qxc5 Bd4 18. Qg5 Bf2+ 19. Kxf2 Qxd2+ 20. Be2 Qxb2 21. Rhc1 Qd2 22. Qg3 Qd4+ 23. Qe3 Qxe3+ 24. Kxe3 e5 25. fxe5 Nxe5 26. Nd5 Kg7 27. Kd4 Nc6+ 28. Ke3 Bd7 29. Rd1 Rad8 30. Rab1 b6 31. Rb3 Na5 32. Rb2 Bc6 33. Rd4 Rfe8 34. Rbd2 Re5 35. Nb4 Rxd4 36. Rxd4 f5 37. Nxc6 Nxc6 38. Rd7+ Kh6 39. Bd3 fxe4 40. Bxe4 a6 41. Rd6 Na5 42. Rd5 Nxc4+ 43. Kd4 Rxd5+ 44. Bxd5 Nd6 45. Ke5 Nb5 46. Kf6 Nc7 47. Bf3 g5 48. g3 Ne8+ 49. Ke7 Ng7 50. Kf6 Nh5+ 51. Bxh5 Kxh5 52. Kg7 b5 53. Kxh7 b4 54. g4+ Kh4 55. Kg6 a5 56. Kf5 a4 57. Ke4 b3 58. axb3 a3 59. Kd3 a2 60. Kc2 a1=Q 0-1

[Event "44th Chess Olympiad Women 2022"]
[Site "Chennai"]
[Date "2022.07.30"]
[Round "2.46"]
[White "Vega Jimenez, Keyshla M."]
[Black "Martins, Katlene Jussara"]
[Result "1-0"]
[ECO "C47"]
[WhiteElo "1653"]
[BlackElo "1287"]
[Annotator "NA RC COMBH"]
[PlyCount "99"]
[EventDate "2022.07.29"]
[EventType "team-tourn"]
[EventCountry "IND"]
[SourceTitle "playchess.com"]
[Source "ChessBase"]
[SourceQuality "1"]
[WhiteTeam "Puerto Rico"]
[BlackTeam "CPV"]
[WhiteTeamCountry "PUR"]
[TimeControl "40/5400+30:1800+30"]

1. e4 e5 2. Nf3 Nc6 3. Nc3 Nf6 4. d4 Bb4 5. Bg5 h6 6. Bxf6 Qxf6 7. d5 Nd4 8. Be2 O-O 9. O-O d6 10. Nxd4 exd4 11. Nb5 Bc5 12. Nxc7 Rb8 13. Nb5 Bd7 14. Qd2 Rbe8 15. Rad1 Rxe4 16. Bf3 Rf4 17. Qd3 a6 18. Na3 Bf5 19. Qe2 Bd7 20. Nc4 Re8 21. Qd3 Bf5 22. Qb3 Bg4 23. Bxg4 Rxg4 24. Qd3 b5 25. Nd2 Re5 26. Rde1 g6 27. Rxe5 Qxe5 28. Qf3 Qg5 29. Ne4 Qh5 30. Nf6+ Kg7 31. Nxh5+ gxh5 32. Re1 Rg6 33. Qxh5 Bb4 34. Re8 Bc5 35. Re4 Rg5 36. Rg4 Rxg4 37. Qxg4+ Kf8 38. Qc8+ Ke7 39. Qxa6 b4 40. b3 Kf6 41. Qc8 Ke5 42. Qe8+ Kf6 43. Kf1 Kg6 44. Ke2 h5 45. h4 Kf6 46. Kf3 d3 47. cxd3 Bd4 48. Qh8+ Kf5 49. Qxd4 f6 50. Qe4# 1-0